Match 40437624
Unlisted

Match 40437624
End
Panzergrenadier Squad
250 Light Carrier
Panzergrenadier Squad
Construct Light Support Kompanie
Combat Half-tracks
Fire Support Elements
Panzerjäger Mechanized Group
Selects Armored Support Battlegroup
Selects Salvage Kits
Flakvierling Half-track
Vehicle Survival Package
Pak 38 Anti-tank Gun Team
2.5-tonne Medical Truck
Flakvierling Half-track
Panzergrenadier Squad
Selects Veteran Gunners
Selects Flammpanzer III Medium Tank
Flammpanzer III Medium Tank
Panzerpioneer Squad
Construct Panzerarmee Kommand
Pak 38 Anti-tank Gun Team
Selects Panzer Storm
Emergency Repair Kits
Armored Reserves
Panzer IV Assault Group
HelpingHans
bibotot1995
Lero
Wrapstones yes-yes
ShoulderGuy
MathiasCZR01
Marowi
Trans rights r human rights
0
0

Comments sign in to comment!

No comments posted yet!